 Dungeon Crawl Stone Soup version 0.22-a0-392-g5dc3fd9 (webtiles) character file.

254 KristoblXynda the Slasher (level 5, -4/57 HPs)
             Began as a Demonspawn Gladiator on May 1, 2018.
             Slain by Totori's ghost (7 damage)
             ... on level 3 of the Dungeon.
             The game lasted 00:05:21 (3091 turns).

KristoblXynda the Slasher (Demonspawn Gladiator)    Turns: 3091, Time: 00:05:22

Health: -4/57      AC: 22    Str: 14    XL:     5   Next: 90%
Magic:  5/5        EV:  2    Int: 14    God:
Gold:   133        SH:  0    Dex: 14    Spells: 4/4 levels left

rFire    . . .     SeeInvis .   a - +1 long sword
rCold    . . .     Gourm    .   (no shield)
rNeg     + + +     Faith    .   (armour currently unavailable)
rPois    +         Spirit   .   (helmet currently unavailable)
rElec    .         Reflect  .   (cloak currently unavailable)
rCorr    .         Harm     .   (gloves currently unavailable)
MR       .....     NoTele   +   (boots currently unavailable)
Stlth    ++........             (no amulet)
HPRegen  0.19/turn              i - +3 ring of intelligence
MPRegen  0.09/turn              (no ring)

@: tree-form, hasted, very quick
A: nightstalker 1, powered by death 1
a: no special abilities


You were on level 3 of the Dungeon.
You were not hungry.
You were a tree.
You visited 1 branch of the dungeon, and saw 3 of its levels.

You collected 133 gold pieces.

Inventory:

Hand Weapons
 a - a +1 long sword (weapon)
Missiles
 d - 3 throwing nets (quivered)
Armour
 c - a +0 helmet (melded)
 s - a +0 ring mail (melded)
Jewellery
 i - a +3 ring of intelligence (left branch)
Wands
 m - a wand of acid (5)
 q - a wand of digging (11)
Scrolls
 b - a scroll of magic mapping {unknown}
 e - 2 scrolls of fear
 g - a scroll of enchant weapon
 l - a scroll of blinking {unknown}
 n - a scroll of fog
 p - a scroll of immolation {unknown}
 r - a scroll of enchant armour {unknown}
 t - 2 scrolls of remove curse {unknown}
Potions
 h - a potion of curing
Comestibles
 f - 4 rations


   Skills:
 - Level 2.0 Fighting
 * Level 4.7 Long Blades
 - Level 2.0 Throwing
 + Level 2.2 Armour
 + Level 3.8 Dodging


You had 4 spell levels left.
You didn't know any spells.

Dungeon Overview and Level Annotations

Branches:
Dungeon (3/15)

Altars:

Annotations:
D:3 Totori's ghost, novice HuGl


Innate Abilities, Weirdness & Mutations

((You have sharp fingernails.))
((You are partially covered in iridescent scales. (AC +2)))
You are slightly more attuned to the shadows.
You regenerate a little health from kills.


Message History

Unknown command.
You barely miss Totori's ghost. Totori's ghost hits you.
You hit Totori's ghost.
Totori's ghost is lightly damaged.
Totori's ghost hits you but does no damage.
You hit Totori's ghost but do no damage.
Totori's ghost is lightly damaged.
Totori's ghost hits you.
You closely miss Totori's ghost.
Totori's ghost is lightly damaged.
Totori's ghost hits you.
You closely miss Totori's ghost.
Totori's ghost is lightly damaged.
Totori's ghost hits you!
The orc priest calls down the wrath of Beogh upon you.
Beogh smites you!
* * * LOW HITPOINT WARNING * * *
Totori's ghost hits you but does no damage.
It was a potion of haste.
You feel yourself speed up. Totori's ghost hits you!
You die...

........#.....# #.#.#
#
..............####...K
#.
..##.........>...#...#
#.
..#########...##.#...#
#. #..........<..##.#
#. ##...#####.#####.#
). #...#####.# #$# .#
#.........# #.#
#....÷....# #♣#
##........# #W#
#........# #.oo.(...>
#........# ###.#.o.#.
#........# ....#.#
#........# #.. . ..
#........# ###.#. .
#.)......# . ..
#........#


You could see an orc priest, Totori's ghost and an orc.

Vanquished Creatures
  A bullfrog skeleton (D:2)
  Natasha (twice) (D:3)
  An orc wizard (D:3)
  4 gnolls
  4 adders
  An ooze (D:2)
  3 dart slugs
  2 leopard geckos
  3 orcs (D:3)
  2 giant cockroaches
  7 goblins
  10 hobgoblins
  A quokka (D:2)
  3 ball pythons
  6 bats
  7 frilled lizards
  4 kobolds
  9 rats
70 creatures vanquished.

Notes
Turn   | Place    | Note
-------+----------+-------------------------------------------
     0 | D:1      | KristoblXynda the Demonspawn Gladiator began the quest for the Orb.
     0 | D:1      | Reached XP level 1. HP: 16/16 MP: 1/1
   152 | D:1      | Reached skill level 3 in Long Blades
   349 | D:1      | Gained mutation: You are slightly more attuned to the shadows. [demonic ancestry]
   349 | D:1      | Reached XP level 2. HP: 17/22 MP: 2/2
   727 | D:1      | Gained mutation: You are partially covered in iridescent scales. (AC +2) [demonic ancestry]
   727 | D:1      | Reached XP level 3. HP: 27/27 MP: 3/3
  1183 | D:2      | Reached skill level 1 in Armour
  1183 | D:2      | Gained mutation: You regenerate a little health from kills. [demonic ancestry]
  1183 | D:2      | Reached XP level 4. HP: 32/33 MP: 4/4
  1531 | D:2      | Reached skill level 4 in Long Blades
  1794 | D:3      | Noticed Natasha
  1964 | D:3      | Gained mutation: You have sharp fingernails. [demonic ancestry]
  1964 | D:3      | Reached XP level 5. HP: 18/38 MP: 5/5
  2125 | D:3      | Noticed Totori's ghost (novice HuGl)
  2986 | D:3      | Killed Natasha
  3052 | D:3      | Noticed Natasha
  3056 | D:3      | Killed Natasha
  3091 | D:3      | Slain by Totori's ghost

Vault maps used:
D:1:      dpeg_arrival_orchard, minivault_24
D:3:      uniq_natasha

Skill      XL: |  1  2  3  4  5 |
---------------+----------------+-----
Long Blades    | 3 4 |  4.7
Throwing       | 2 |  2.0
Dodging        | 3 |  3.8
Armour         | 1 2 |  2.2
Fighting       | |  2.0

Action                   |  1- 3 |  4- 6 || total
-------------------------+-------+-------++-------
Melee: Long sword        |    69 |   134 ||   203
  Use: Scroll            |       |     6 ||     6
       Potion            |       |     2 ||     2
 Stab: Sleeping          |     9 |     5 ||    14
  Eat: Chunk             |     1 |     6 ||     7
Armor: Leather armour    |    33 |    19 ||    52
       Ring mail         |       |    31 ||    31
       Skin              |       |     3 ||     3
Dodge: Dodged            |    40 |   107 ||   147
       Rpst.: Long sword |    10 |    40 ||    50

Table legend:
 A = Spawn XP
 B = Non-spawn XP
 C = Spawn XP percentage of total XP
 D = Spawn monster count
 E = Non-spawn monster count
 F = Spawn count percentage of total count
 G = Total turns spent on level
                    A         B        C        D         E        F      G
               +---------+---------+-------+---------+---------+-------+---------
         Total |       0 |     363 |   0.0 |       0 |      70 |   0.0 |  3091
               +---------+---------+-------+---------+---------+-------+---------
           D:1 |       0 |      52 |   0.0 |       0 |      24 |   0.0 |  1022
           D:2 |       0 |     124 |   0.0 |       0 |      24 |   0.0 |  1404
           D:3 |       0 |     187 |   0.0 |       0 |      22 |   0.0 |   665
               +---------+---------+-------+---------+---------+-------+---------
